 Dungeon Crawl Stone Soup version 0.31-a0-4-gefa6de2278 (webtiles) character file.

Game seed: 8834712293529986824

15 bande the Covered (level 2, -7/19 HPs)
             Began as a Gargoyle Fighter on May 4, 2023.
             Killed by divine providence
             ... invoked by an orc priest
              (12 damage)
             ... on level 2 of the Dungeon.
             The game lasted 00:00:55 (791 turns).

bande the Covered (Gargoyle Fighter)                 Turns: 791, Time: 00:00:55

Health: -7/19      AC:  9    Str: 19    XL:     2   Next: 50%
Magic:  2/2        EV:  9    Int:  8    God:
Gold:   37         SH:  4    Dex:  9    Spells: 1/1 levels left

rFire   . . .        a - +0 war axe
rCold   . . .        c - +0 buckler
rNeg    + . .        b - +0 scale mail
rPois   ∞            (no helmet)
rElec   +            (no cloak)
rCorr   .            (no gloves)
SInv    .            (no boots)
Will    .....        (no amulet) Stlth
                     (no ring)
HPRegen 0.23/turn    (no ring)
MPRegen 0.08/turn

%: no passive effects
@: no status effects
A: sickness immunity, AC +2, negative energy resistance 1, electricity
resistance, torment resistance 1, petrification resistance
a: no special abilities


You were on level 2 of the Dungeon.
You visited 1 branch of the dungeon, and saw 2 of its levels.

You collected 37 gold pieces.

Inventory:

Hand Weapons
 a - a +0 war axe (weapon)
Missiles
 f - a throwing net (quivered)
Armour
 b - a +0 scale mail (worn)
 c - a +0 buckler (worn)
Potions
 d - 2 potions of might
 e - a potion of lignification {unknown}
 g - a potion of curing {unknown}
 h - a potion of haste {unknown}
 i - a potion of heal wounds {unknown}


   Skills:
 + Level 3.3 Fighting
 + Level 2.1 Axes
 + Level 3.5 Armour
 + Level 3.5 Shields


You had one spell level left.
You didn't know any spells.
Your spell library was empty.

Dungeon Overview and Level Annotations

Branches:
Dungeon (2/15)

Altars:


Innate Abilities, Weirdness & Mutations

You are immune to sickness and miasma.
Your stone body is resilient. (AC +2)
You are immune to poison.
You resist negative energy. (rN+)
You are resistant to electric shocks. (rElec)
You are resistant to unholy torment.
You are immune to petrification.


Message History

You closely miss the orc. The orc priest hits you with a +0 club.
The orc priest misses you.
Unknown command.
You barely miss the orc priest.
The orc priest is severely wounded.
You barely miss the rat.
You hit the orc priest but do no damage.
You hit the orc. The orc closely misses you.
The orc priest hits you but does no damage.
The orc priest calls down the wrath of Beogh upon you.
Pain shoots through your body! You block the rat's attack.
The rat closely misses you. You block the orc's attack.
The orc priest closely misses you.
The orc priest hits you but does no damage.
You hit the orc priest but do no damage.
The orc priest is severely wounded.
You hit the rat.
You kill the rat!
You closely miss the orc priest. You barely miss the orc.
The orc priest hits you with a +0 dagger.
* * * LOW HITPOINT WARNING * * *
You block the orc's attack.
The orc priest hits you but does no damage.
You closely miss the orc priest.
The orc priest is severely wounded.
You barely miss the orc. You closely miss the orc priest.
The orc priest hits you but does no damage.
The orc misses you. The orc priest hits you with a +0 club.
* * * LOW HITPOINT WARNING * * *
Unknown command.
You hit the orc priest.
The orc priest is almost dead.
You barely miss the orc.
You hit the orc priest but do no damage.
You block the orc priest's attack. The orc barely misses you.
The orc priest hits you but does no damage.
The orc priest mumbles some strange prayers to Beogh against you.
Beogh smites you!
Ouch! That really hurt!
You die... #.#.. #..#.# ##.## #..#.# #.# #..#.# ##.## #..#.## ##...# ####.....### #####..... .......o... .......... #.oooo#

#####..... # #@#
######...#
###..#†#######...†...##
#...............#######
#.###.########### ...
.## #. #


You could see 2 orc priests and 3 orcs.

Vanquished Creatures
  2 endoplasms (D:1)
  3 giant cockroaches
  A goblin (D:1)
  A hobgoblin (D:2)
  2 bats
  A frilled lizard (D:1)
  A kobold (D:1)
  3 rats
14 creatures vanquished.

Notes
Turn   | Place    | Note
-------+----------+-------------------------------------------
     0 | D:1      | bande the Gargoyle Fighter began the quest for the Orb.
     0 | D:1      | Reached XP level 1. HP: 14/14 MP: 1/1
   242 | D:1      | Reached XP level 2. HP: 16/19 MP: 2/2
   791 | D:2      | Killed from afar by an orc priest

Illustrated notes

Levels and vault maps discovered:
D:1:      ebering_trefoil_twist, layout_loops_ring, minmay_misc_feat_cross,
          lemuel_flame_loot_1
D:2:      layout_loops_ring

Skill      XL: |  1 |
---------------+----+-----
Axes           | 2 |  2.1
Fighting       | |  3.3
Armour         | |  3.5
Shields        | |  3.5

Action                     || total
---------------------------++-------
  Melee: War axe           ||    56
    Use: Scroll            ||     1
 Armour: Scale mail        ||    50
  Dodge: Dodged            ||    25
  Block: Buckler           ||    20

Table legend: (Time is in decaauts)
 A = Elapsed time spent in this place.
 B = Non-inter-level travel time spent in this place.
 C = Inter-level travel time spent in this place.
 D = Time resting spent in this place.
 E = Time spent auto-exploring this place.
 F = Levels seen in this place.
 G = Mean time per level.
                   A        B        C        D        E       F      G
               +--------+--------+--------+--------+--------+-----+--------+
         Total |    814 |    795 |     19 |      0 |    639 |   2 |  407.0 |
       Dungeon |    814 |    795 |     19 |      0 |    639 |   2 |  407.0 |
               +--------+--------+--------+--------+--------+-----+--------+

Top non-repeatable levels by time:
     D:1: 712 daAuts
     D:2: 102 daAuts
